 Dungeon Crawl Stone Soup version 0.30-a0-4-ga7cffc901d (webtiles) character file.

Game seed: 8664902120487918549

310 Plasmagod the Ruffian (level 6, -1/47 HPs)
             Began as a Draconian Transmuter on Aug 21, 2022.
             Slain by a gnoll
             ... wielding a +0 spear
              (3 damage)
             ... on level 3 of the Dungeon.
             The game lasted 00:04:58 (2777 turns).

Plasmagod the Ruffian (Draconian Transmuter)        Turns: 2777, Time: 00:04:58

Health: -1/47      AC:  6    Str: 13    XL:     6   Next: 18%
Magic:  8/9        EV: 12    Int: 15    God:
Gold:   58         SH:  0    Dex: 11    Spells: 8/9 levels left

rFire   + . .      SeeInvis .      - Unarmed
rCold   . . .      Faith    .    (no shield)
rNeg    . . .      Spirit   .    (body armour unavailable)
rPois   .          Reflect  .    (helmet currently unavailable)
rElec   .          Harm     .    (no cloak)
rCorr   .          Rampage  .    (no gloves)
Will    .....                    (boots currently unavailable)
Stlth   +.........               (no amulet)
HPRegen 0.15/turn                h - ring of protection from fire
MPRegen 0.11/turn                (no ring)

@: appendages (expiring)
A: horns 2, talons 2, AC +6, unfitting armour, cold-blooded
a: End Transformation


You were on level 3 of the Dungeon.
You had temporarily grown beastly horns and talons.
You visited 1 branch of the dungeon, and saw 3 of its levels.

You collected 58 gold pieces.

Inventory:

Jewellery
 h - a ring of protection from fire (left hand)
 i - a ring of ice
Scrolls
 c - a scroll of butterflies {unknown}
 d - 2 scrolls of fear {unknown}
 e - 2 scrolls of identify {unknown}
 f - a scroll of teleportation {unknown}
 g - a scroll of summoning {unknown}
Potions
 a - a potion of lignification
 b - 2 potions of brilliance
 j - a potion of cancellation {unknown}
 k - a potion of attraction {unknown}
 l - a potion of mutation {unknown}
 m - a potion of flight {unknown}


   Skills:
 - Level 1.1 Fighting
 - Level 1.7 Dodging
 + Level 7.0 Unarmed Combat
 - Level 2.0 Spellcasting
 - Level 2.0 Transmutations


You had 8 spell levels left.
You knew the following spells:

 Your Spells              Type           Power      Damage    Failure   Level
a - Beastly Appendage     Tmut           14%        N/A       10%         1

Your spell library contained the following spells:

 Spells                   Type           Power      Damage    Failure   Level
 Wereblood                Tmut           7%         N/A       14%         2
 Spider Form              Tmut/Pois      4%         N/A       41%         3
 Confusing Touch          Hex            1%         N/A       54%         3
 Ice Form                 Ice/Tmut       4%         N/A       82%         4
 Yara's Violent Unravell  Hex/Tmut       2%         3d3       99%         5
 Enfeeble                 Hex            0%         N/A       100%        7


Dungeon Overview and Level Annotations

Branches:
Dungeon (3/15)

Altars:

Shops:
D:2 *


Innate Abilities, Weirdness & Mutations

You have temporarily grown beastly horns and talons.
Your plain brown scales are hard. (AC +6)
You cannot fit into any form of body armour.
You are cold-blooded and may be slowed by cold attacks.


Message History

The gnoll hits you but does no damage.
You barely miss the gnoll.
Your horns disappear.
Your talons disappear.
The gnoll hits you with a +0 club. The gnoll barely misses you.
You hit the gnoll.
The gnoll is heavily wounded.
The gnoll hits you from afar with a +0 spear.
* * * LOW HITPOINT WARNING * * *
The gnoll hits you but does no damage.
You are too injured to fight recklessly!
Casting: Beastly Appendage (safe; 10% risk of failure)
Confirm with . or Enter, or press ? or * to list all spells.
You grow a pair of large bovine horns.
Your feet morph into talons.
Your transformation is almost over.
The gnoll hits you but does no damage. x2
You barely miss the gnoll.
You headbutt the gnoll, but do no damage.
Your tail-slap misses the gnoll.
The gnoll is heavily wounded.
You closely miss the gnoll. You claw the gnoll.
Your tail-slap misses the gnoll.
The gnoll is severely wounded.
The gnoll misses you.
The gnoll hits you from afar with a +0 spear.
* * * LOW HITPOINT WARNING * * *
You hit the gnoll. You claw the gnoll.
You kill the gnoll!
The gnoll barely misses you. The gnoll hits you with a +0 spear.
* * * LOW HITPOINT WARNING * * *
Items here: ))) ?.
You barely miss the gnoll. Your headbutt misses the gnoll.
The gnoll is heavily wounded.
The gnoll hits you with a +0 spear.
* * * LOW HITPOINT WARNING * * *
You hit the gnoll but do no damage. Your kick misses the gnoll.
You headbutt the gnoll.
The gnoll is almost dead.
The gnoll hits you with a +0 spear.
You die...

##. ...#. # #..#. .... .# ..
#..#. #..##. ##..#.### #.(..
... ...## #...# .#.# ###
#.##...####...#### .... ..#
#.#g@..#............ .#.#
#.# #.#.##...####...# #.#
#.# #.#.###......)..# #.#
#.# #.#...!.†.....#.# .#.#
#.# #.#.#....†##### # .#.#
##.## #.#.#...........
##.####...###.#.#...[.......
........[..†.........#######
#######...#######.####


You could see a gnoll.

Vanquished Creatures
  Sigmund (D:2)
  Terence (D:2)
  3 gnolls (D:3)
  4 adders
  2 worms
  7 ball pythons
  3 endoplasms
  3 giant cockroaches
  4 goblins
  7 hobgoblins
  7 jackals
  3 kobolds
  3 bats (D:1)
  2 frilled lizards (D:2)
  A rat (D:2)
51 creatures vanquished.

Notes
Turn   | Place    | Note
-------+----------+-------------------------------------------
     0 | D:1      | Plasmagod the Draconian Transmuter began the quest for the
                  | Orb.
     0 | D:1      | Reached XP level 1. HP: 16/16 MP: 3/3
   460 | D:1      | Reached XP level 2. HP: 15/23 MP: 1/5
   875 | D:1      | Reached skill level 4 in Unarmed Combat
  1387 | D:2      | Found Ucrut's Assorted Antiques.
  1418 | D:2      | Reached XP level 3. HP: 28/28 MP: 6/6
  1488 | D:2      | Found a faded altar of an unknown god.
  1489 | D:2      | Noticed Terence
  1505 | D:2      | Killed Terence
  1510 | D:2      | Noticed Sigmund
  1511 | D:2      | Reached XP level 4. HP: 9/35 MP: 7/7
  1519 | D:2      | Reached skill level 5 in Unarmed Combat
  1991 | D:2      | Killed Sigmund
  1992 | D:2      | Reached skill level 6 in Unarmed Combat
  1992 | D:2      | Reached XP level 5. HP: 33/40 MP: 6/8
  2692 | D:3      | Reached XP level 6. HP: 47/47 MP: 7/9
  2768 | D:3      | Reached skill level 7 in Unarmed Combat
  2776 | D:3      | HP: 2/47 [gnoll/+0 spear (6)]
  2777 | D:3      | Slain by a gnoll

Illustrated notes

Levels and vault maps discovered:
D:1:      eino_arrival_cavern_d, layout_basic
D:2:      layout_loops_ring, serial_shops, nicolae_shop_hallway_stairs,
          hellmonk_ecumenical_altar_arch_garden, st_stairs_13, uniq_terence,
          uniq_sigmund
D:3:      layout_loops_ring, nicolae_tso_besieged_by_evil, serial_shops, shop,
          uniq_jessica

Skill      XL: |  1  2  3  4  5  6 |
---------------+-------------------+-----
Unarmed Combat | 4 6 7 |  7.0
Fighting       | |  1.1
Dodging        | |  1.7
Spellcasting   | |  2.0
Transmutations | |  2.0

Action                   |  1- 3 |  4- 6 || total
-------------------------+-------+-------++-------
Melee: Unarmed           |    95 |    77 ||   172
       Kick              |    13 |    21 ||    34
       Headbutt          |     8 |    15 ||    23
       Tailslap          |    12 |     8 ||    20
       Punch             |       |     1 ||     1
 Cast: Beastly Appendage |    18 |    16 ||    34
  Use: Potion            |       |     2 ||     2
 Stab: Sleeping          |       |     1 ||     1
Armor: Skin              |    37 |    27 ||    64
Dodge: Dodged            |    61 |    44 ||   105

Table legend: (Time is in decaauts)
 A = Elapsed time spent in this place.
 B = Non-inter-level travel time spent in this place.
 C = Inter-level travel time spent in this place.
 D = Time resting spent in this place.
 E = Time spent auto-exploring this place.
 F = Levels seen in this place.
 G = Mean time per level.
                   A        B        C        D        E       F      G
               +--------+--------+--------+--------+--------+-----+--------+
         Total |   2745 |   2686 |     59 |    362 |   1954 |   3 |  915.0 |
       Dungeon |   2745 |   2686 |     59 |    362 |   1954 |   3 |  915.0 |
               +--------+--------+--------+--------+--------+-----+--------+

Top non-repeatable levels by time:
     D:1: 1382 daAuts
     D:2: 1230 daAuts
     D:3: 132 daAuts
